 Dungeon Crawl Stone Soup version 0.29.1-1-gd02db6906a (webtiles) character file.

Game seed: 5092969714404502626

683 EvilAshe the Cleaver (level 7, -2/56 HPs)
             Began as a Minotaur Gladiator on Sept 18, 2022.
             Killed from afar by Eustachio (10 damage)
             ... with a bolt of light
             ... on level 4 of the Dungeon.
             The game lasted 00:08:57 (3798 turns).

EvilAshe the Cleaver (Minotaur Gladiator)           Turns: 3798, Time: 00:08:57

Health: -2/56      AC:  8    Str: 21    XL:     7   Next: 35%
Magic:  6/6        EV:  8    Int:  5    God:
Gold:   149        SH:  0    Dex: 11    Spells: 6/6 levels left

rFire   . . .      SeeInvis .   a - +0 war axe
rCold   . . .      Faith    .   (no shield)
rNeg    . . .      Spirit   .   q - +0 chain mail
rPois   .          Reflect  .   c - +0 hat
rElec   .          Harm     .   (no cloak)
rCorr   .          Rampage  .   (no gloves)
Will    .....                   (no boots)
Stlth   ..........              (no amulet)
HPRegen 0.18/turn               o - ring of flight
MPRegen 0.10/turn               (no ring)

@: confused, flying
A: horns 2, retaliatory headbutt
a: no special abilities


You were on level 4 of the Dungeon.
You visited 1 branch of the dungeon, and saw 5 of its levels.

You collected 149 gold pieces.

Inventory:

Hand Weapons
 a - a +0 war axe (weapon)
Missiles
 d - 2 throwing nets (quivered)
 e - a javelin
 j - 33 stones
 l - 2 poisoned darts
Armour
 c - a +0 hat (worn)
 i - a +0 ring mail
 q - a +0 chain mail (worn)
Jewellery
 o - a ring of flight (left hand)
Scrolls
 g - a scroll of identify
 h - 2 scrolls of teleportation
 k - a scroll of silence {unknown}
 m - a scroll of immolation {unknown}
 n - a scroll of torment {unknown}
 s - a scroll of summoning {unknown}
 u - a scroll of brand weapon {unknown}
 v - a scroll of poison {unknown}
 w - a scroll of enchant weapon {unknown}
Potions
 b - a potion of attraction
 f - 3 potions of heal wounds
 p - a potion of brilliance
 r - 2 potions of mutation
 t - 2 potions of curing


   Skills:
 - Level 2.4 Fighting
 * Level 10.3 Axes
 - Level 2.0 Throwing
 - Level 3.2 Dodging


You had 6 spell levels left.
You didn't know any spells.
Your spell library contained the following spells:

 Spells                   Type           Power      Damage    Failure   Level
 Shock                    Conj/Air       0%         1d3       99%         1
 Slow                     Hex            0%         N/A       99%         1
 Sting                    Tmut/Pois      0%         1d3       99%         1
 Poisonous Vapours        Pois/Air       0%         N/A       100%        2
 Confusing Touch          Hex            0%         N/A       100%        3
 Gell's Gravitas          Tloc           0%         N/A       100%        3
 Ignite Poison            Fire/Tmut/Pois 0%         N/A       100%        3
 Inner Flame              Hex/Fire       0%         N/A       100%        3
 Mephitic Cloud           Conj/Pois/Air  0%         N/A       100%        3
 Swiftness                Air            0%         N/A       100%        3
 Teleport Other           Tloc           0%         N/A       100%        3
 Vampiric Draining        Necr           0%         2d6       100%        3
 Airstrike                Air            0%         2d(0-16)  100%        4
 Cause Fear               Hex            0%         N/A       100%        4
 Olgreb's Toxic Radiance  Pois           0%         N/A       100%        4
 Freezing Cloud           Conj/Ice/Air   0%         6-21      100%        5
 Dispersal                Tloc           0%         N/A       100%        6
 Discord                  Hex            0%         N/A       100%        8


Dungeon Overview and Level Annotations

Branches:
Dungeon (5/15)
 Temple: D:4-7

Altars:
Kikubaaqudgha
Yredelemnul

Shops:
D:5 *

Annotations:
D:4 Eustachio


Innate Abilities, Weirdness & Mutations

You have a pair of horns on your head.
You reflexively headbutt those who attack you in melee.


Message History

The throwing net completely misses Eustachio.
Eustachio casts a spell.
Eustachio blinks!
Eustachio casts a spell.
Throw: 3 throwing nets
Press: ? - help, Q - select action, (/) - cycle Shift-Dir - straight line, f/p - Eustachio
Aim: Eustachio, wielding a +0 falchion, wearing a +0 leather armour and carrying a wand of light (8) (severely wounded, 46% to hit)
You throw a throwing net. The throwing net hits Eustachio.
Eustachio is caught in the net!
Eustachio is severely wounded.
Eustachio mumbles some strange words.
Eustachio blinks!
The bat barely misses you. The quokka closely misses you.
You furiously retaliate!
You headbutt the quokka!
You kill the quokka!
The quokka's corpse disappears in a puff of smoke!
The bat barely misses you.
Eustachio zaps a wand.
The bolt of light hits you! The bat attacks as you move away!
The bat barely misses you. x2
Eustachio zaps a wand.
The bolt of light hits you!!
You closely miss Eustachio.
Eustachio is severely wounded.
The bat hits you but does no damage.
Eustachio asks, "How can you live without manners, virtues and honour?"
Eustachio hits you but does no damage.
You closely miss Eustachio. You headbutt Eustachio!
Eustachio is almost dead.
You miss the bat. The bat closely misses you. You furiously retaliate!
You headbutt the bat. Eustachio hits you with a +0 falchion.
You closely miss Eustachio. Your headbutt misses Eustachio.
Eustachio is almost dead.
The bat hits you but does no damage.
Eustachio zaps a wand.
The bolt of light hits you!
You are confused.
* * * LOW HITPOINT WARNING * * *
Eustachio attacks as you move away! Eustachio hits you but does no damage.
The bat hits you but does no damage. The bat completely misses you.
Eustachio zaps a wand.
The bolt of light hits you!
You are more confused.
You die...

##### ##...##
##.....## #(......#
#.......# ###
#.......#####.##
##(.....(......######
#...@...#............
#..@....#######..####
#.....b.# ....
##.....## @...
##>).## #. ♣♣. #####
#.. ♣. ##.♣ ..
####### #..♣ ..
##.....## #... ._


You could see Eustachio and a bat (summoned).

Vanquished Creatures
  Sigmund (D:5)
  A phantom (D:5)
  2 necrophages (D:4)
  2 orc priests (D:4)
  An orc wizard (D:4)
  Robin (D:3)
  3 gnolls (D:3)
  8 adders
  A shadow imp (D:5)
  A dart slug (D:3)
  6 orcs
  7 ball pythons
  7 bats
  11 endoplasms
  2 giant cockroaches (D:1)
  14 goblins
  10 hobgoblins
  8 jackals
  6 quokkas
  6 frilled lizards
  12 kobolds
  8 rats
118 creatures vanquished.

Notes
Turn   | Place    | Note
-------+----------+-------------------------------------------
     0 | D:1      | EvilAshe the Minotaur Gladiator began the quest for the
                  | Orb.
     0 | D:1      | Reached XP level 1. HP: 18/18 MP: 0/0
   172 | D:1      | Reached skill level 4 in Axes
   353 | D:2      | Reached XP level 2. HP: 25/25 MP: 1/1
   728 | D:1      | Reached skill level 5 in Axes
   854 | D:1      | Reached XP level 3. HP: 30/30 MP: 2/2
  1216 | D:2      | Found an ancient bone altar of Kikubaaqudgha.
  1342 | D:2      | Reached skill level 6 in Axes
  1342 | D:2      | Reached XP level 4. HP: 30/37 MP: 3/3
  2055 | D:3      | Noticed Robin
  2059 | D:3      | Killed Robin
  2060 | D:3      | Reached skill level 7 in Axes
  2060 | D:3      | Reached XP level 5. HP: 33/42 MP: 4/4
  2316 | D:4      | Noticed Eustachio
  2825 | D:4      | Found a basalt altar of Yredelemnul.
  2959 | D:5      | Entered Level 5 of the Dungeon
  2981 | D:5      | Reached skill level 8 in Axes
  3259 | D:4      | Reached XP level 6. HP: 50/50 MP: 5/5
  3364 | D:4      | Reached skill level 9 in Axes
  3467 | D:5      | Noticed Sigmund
  3472 | D:5      | Killed Sigmund
  3473 | D:5      | Reached XP level 7. HP: 51/56 MP: 6/6
  3604 | D:5      | Reached skill level 10 in Axes
  3680 | D:5      | Found Xast's Gadget Gallery.
  3798 | D:4      | Killed from afar by Eustachio

Illustrated notes

Levels and vault maps discovered:
D:1:      evilmike_arrival_crescent, layout_rooms, minmay_misc_feat_alley
D:2:      layout_loops_ring, basic_altar
D:3:      layout_basic, wad_rectangle_vault, uniq_robin
D:4:      layout_rooms, mainiacjoe_overflow_small_starburst,
          minmay_temple_entry_glass, uniq_eustachio
D:5:      layout_gridville, nicolae_shop_gadgets, uniq_sigmund, uniq_duvessa

Skill      XL: |  1  2  3  4  5  6  7 |
---------------+----------------------+-----
Axes           | 4 5 6 7 8 9 10 | 10.3
Fighting       | |  2.4
Throwing       | |  2.0
Dodging        | |  3.2

Action                   |  1- 3 |  4- 6 |  7- 9 || total
-------------------------+-------+-------+-------++-------
Melee: War axe           |    95 |   131 |    28 ||   254
       Headbutt          |     5 |    18 |     6 ||    29
       Punch             |     1 |     1 |       ||     2
Throw: Dart              |     1 |     4 |     2 ||     7
       Throwing net      |       |     2 |     3 ||     5
  Use: Scroll            |     2 |     3 |       ||     5
Armor: Leather armour    |    14 |       |       ||    14
       Ring mail         |    37 |    20 |       ||    57
       Chain mail        |       |    30 |    20 ||    50
Dodge: Dodged            |    59 |    54 |    18 ||   131
